 Dungeon Crawl Stone Soup version 0.31.0-9-g3a7656b989 (webtiles) character file.

Game seed: 930567408376269845

251 qw the Skirmisher (level 5, -17/30 HPs)
             Began as a Deep Elf Hunter on Feb 2, 2024.
             Demolished by an ogre
             ... wielding a +0 giant spiked club
              (23 damage)
             ... on level 4 of the Dungeon.
             The game lasted 00:00:08 (2377 turns).

qw the Skirmisher (Deep Elf Hunter)                 Turns: 2377, Time: 00:00:09

Health: -17/30     AC:  7    Str: 10    XL:     5   Next: 88%
Magic:  7/7        EV: 16    Int: 14    God:
Gold:   96         SH:  0    Dex: 18    Spells: 4/4 levels left

rFire   + . .        a - +4 shortbow
rCold   + . .        (shield currently unavailable)
rNeg    . . .        d - +0 ring mail
rPois   .            g - +2 hat
rElec   .            j - scarf {rC+ rF+}
rCorr   .            (no gloves)
SInv    .            (no boots)
Will    .....        (no amulet)
Stlth   +            e - +5 ring of evasion
HPRegen 0.25/turn    (no ring)
MPRegen 0.10/turn

%: no passive effects
@: no status effects
A: no striking features
a: no special abilities


You were on level 4 of the Dungeon.
You visited 1 branch of the dungeon, and saw 4 of its levels.

You collected 96 gold pieces.


   Skills:
 - Level 2.2 Fighting
 + Level 9.1 Ranged Weapons
 - Level 2.4 Dodging
 - Level 1.2 Stealth


You had 4 spell levels left.
You didn't know any spells.
Your spell library was empty.

Inventory:

Hand Weapons
 a - a +4 shortbow (weapon)
Armour
 d - a +0 ring mail (worn)
 g - a +2 hat (worn)
 j - a scarf of resistance (worn)
Jewellery
 e - a +5 ring of evasion (left hand)
Wands
 b - a wand of polymorph (13)
 l - a wand of flame (16)
Scrolls
 f - a scroll of identify
Potions
 c - a potion of cancellation
 h - 3 potions of enlightenment
 i - a potion of curing {unknown}

Dungeon Overview and Level Annotations

Branches:
Dungeon (4/15)
 Temple: D:4-7

Altars:
Ashenzari
Makhleb
Trog
Vehumet

Annotations:
D:3 Grinder
D:4 2 runed translucent doors, qw's ghost, amateur DgHu


Message History

You shoot an arrow. The arrow hits the orc wizard!
The orc wizard is heavily wounded.
You shoot an arrow. The arrow hits the orc wizard.
The orc wizard is severely wounded.
The orc wizard hits you but does no damage.
The orc hits you but does no damage.
You shoot an arrow. The arrow hits the orc wizard!
You kill the orc wizard!
An ogre comes into view. It is wielding a +0 giant spiked club.
The orc hits you but does no damage.
Your Fighting skill increases to level 2!
You shoot an arrow. The arrow hits the orc!
You kill the orc!
You shoot an arrow.
The arrow closely misses the orc wizard.
The orc wizard hits you with a +0 dagger of holy wrath.
You shoot an arrow. The arrow hits the orc wizard.
The orc wizard is lightly wounded.
The orc wizard misses you. The ogre barely misses you.
The orc wizard misses you.
You shoot an arrow. The arrow barely misses the orc wizard.
You hear a shout!
The orc wizard completely misses you.
You shoot an arrow. The arrow hits the orc wizard.
The orc wizard is moderately wounded.
The ogre hits you with a +0 giant spiked club!!
Ouch! That really hurt!
The orc wizard closely misses you.
A kobold comes into view. It is wielding a +0 club.
You shoot an arrow. The arrow hits the orc wizard.
The orc wizard is moderately wounded.
The ogre closely misses you.
The orc wizard hits you but does no damage.
You shoot an arrow. The arrow barely misses the orc wizard.
The orc wizard hits you with a +0 dagger of holy wrath.
You shoot an arrow. The arrow hits the orc wizard!
The orc wizard is almost dead.
The ogre hits you with a +0 giant spiked club!!
Ouch! That really hurt!
You die...

#..####..## #.#.###.##
#.##....#
###.#####.#####.# #
......%..).# #(#
#.###.#######..# #.#
##..... #..# #.#
.....KO#######..####>#
#....o@..............
#.............#######
#....########## ...###
##


You could see an ogre, an orc wizard and a kobold.

Vanquished Creatures
  An orc wizard (D:4)
  Natasha (thrice) (D:3)
  4 gnolls (D:3)
  5 adders
  2 dart slugs
  An orc (D:4)
  3 bats
  6 endoplasms
  2 giant cockroaches (D:1)
  2 goblins
  5 hobgoblins
  6 jackals (D:2)
  A quokka (D:2)
  13 ball pythons
  3 kobolds
  6 rats
63 creatures vanquished.

Notes
Turn   | Place    | Note
-------+----------+-------------------------------------------
     0 | D:1      | qw the Deep Elf Hunter began the quest for the Orb.
     0 | D:1      | Reached XP level 1. HP: 12/12 MP: 3/3
     0 | D:1      | 0 ||| qw: Version: 0.3-a-155-g5e7d8dd
     0 | D:1      | 0 ||| qw: Game counter: 579
     0 | D:1      | 0 ||| qw: Melee chars always use a shield: true
     0 | D:1      | 0 ||| qw: God list: Okawaru
     0 | D:1      | 0 ||| qw: Allow faded altars: false
     0 | D:1      | 0 ||| qw: Do Orc after clearing Dungeon:15 true
     0 | D:1      | 0 ||| qw: Do second Lair branch before Depths: true
     0 | D:1      | 0 ||| qw: Lair rune preference: random
     0 | D:1      | 0 ||| qw: Goals: Normal
     0 | D:1      | 0 ||| PLANNING D:1-11
   119 | D:1      | Reached XP level 2. HP: 16/16 MP: 4/4
   126 | D:1      | Reached skill level 6 in Ranged Weapons
   623 | D:1      | 623 ||| UPGRADING to +5 ring of evasion.
   624 | D:1      | 624 ||| DROPPING ring of wizardry.
   625 | D:1      | 625 ||| READING scroll labelled MICOJI GOPTY.
   625 | D:1      | 625 ||| IDENTIFYING 2 viscous clear potions
   626 | D:1      | 626 ||| READING scroll labelled KUMAQE RUFEUM.
   627 | D:1      | 627 ||| READING scroll labelled SIR COITZUIMYN.
   631 | D:1      | 631 ||| DROPPING scroll of butterflies.
   703 | D:2      | Reached XP level 3. HP: 20/20 MP: 5/5
   763 | D:2      | Reached skill level 7 in Ranged Weapons
   930 | D:2      | Reached XP level 4. HP: 25/25 MP: 6/6
  1220 | D:2      | 1220 ||| UPGRADING to +0 ring mail.
  1230 | D:2      | 1230 ||| DROPPING +0 leather armour.
  1231 | D:2      | 1231 ||| UPGRADING to +2 hat.
  1236 | D:2      | 1236 ||| READING scroll labelled DYAXZE KEREKE.
  1337 | D:2      | 1337 ||| READING scroll labelled HEMOEL DUFUD.
  1338 | D:2      | 1338 ||| READING scroll labelled SAWUCUM METZU.
  1339 | D:2      | 1339 ||| DRINKING 2 viscous puce potions.
  1381 | D:2      | 1381 ||| DROPPING potion of lignification.
  1435 | D:3      | Reached skill level 8 in Ranged Weapons
  1469 | D:3      | Found a radiant altar of Vehumet.
  1623 | D:3      | 1623 ||| READING 3 scrolls labelled GIRRURR HIGHA.
  1623 | D:3      | 1623 ||| ENCHANTING +0 shortbow.
  1624 | D:3      | 1624 ||| READING 2 scrolls of enchant weapon.
  1624 | D:3      | 1624 ||| ENCHANTING +1 shortbow.
  1625 | D:3      | 1625 ||| READING scroll of enchant weapon.
  1625 | D:3      | 1625 ||| ENCHANTING +2 shortbow.
  1709 | D:3      | Found a bloodstained altar of Trog.
  1762 | D:3      | Found a burning altar of Makhleb.
  1762 | D:3      | Noticed Natasha
  1802 | D:3      | 1802 ||| READING scroll of enchant weapon.
  1802 | D:3      | 1802 ||| ENCHANTING +3 shortbow.
  1829 | D:3      | Found a faded altar of an unknown god.
  1932 | D:3      | Found a broken altar of Ashenzari.
  1961 | D:3      | Killed Natasha
  1962 | D:3      | Reached XP level 5. HP: 29/29 MP: 7/7
  2023 | D:3      | Noticed Natasha
  2027 | D:3      | Killed Natasha
  2109 | D:3      | Noticed Natasha
  2121 | D:3      | Killed Natasha
  2122 | D:3      | Reached skill level 9 in Ranged Weapons
  2186 | D:3      | Noticed Grinder
  2194 | D:3      | 2194 ||| FLEEEEING.
  2197 | D:3      | Paralysed by Grinder for 4 turns
  2201 | D:3      | HP: 3/29 [Grinder/nerve-wracking pain (12)]
  2202 | D:3      | 2202 ||| READING scroll of teleportation.
  2307 | D:3      | 2307 ||| UPGRADING to scarf of resistance.
  2312 | D:3      | 2312 ||| READING 4 scrolls of identify.
  2312 | D:3      | 2312 ||| IDENTIFYING orange potion
  2313 | D:3      | 2313 ||| READING 3 scrolls of identify.
  2313 | D:3      | 2313 ||| IDENTIFYING fizzy purple potion
  2314 | D:3      | 2314 ||| READING 2 scrolls of identify.
  2314 | D:3      | 2314 ||| IDENTIFYING scroll labelled MAWUHO SAEFRI
  2315 | D:3      | 2315 ||| DROPPING potion of berserk rage.
  2316 | D:3      | 2316 ||| DROPPING scroll of fog.
  2326 | D:4      | Found a large runed translucent door.
  2326 | D:4      | Found a large runed translucent door.
  2330 | D:4      | Noticed qw's ghost (amateur DgHu)
  2369 | D:4      | Noticed an ogre
  2376 | D:4      | HP: 6/30 [orc wizard/+0 dagger of holy wrath (2)]
  2377 | D:4      | Demolished by an ogre

Levels and vault maps discovered:
D:1:      heliophobic_arrival_battle_scene, layout_basic
D:2:      layout_basic
D:3:      layout_basic, nzn_wu_jian_contemplation, lemuel_tele_altar,
          marbit_many_paths, evilmike_ruin_ashenzari, old_standard_altar,
          ebering_ecumenical_altar_rust, uniq_grinder, uniq_natasha, uniq_robin
D:4:      layout_loops_ring, temple_pool_b, ebering_ghost_disaster_area

Skill      XL: |  1  2  3  4  5 |
---------------+----------------+-----
Ranged Weapons | 6 7 8 9 |  9.1
Fighting       | 2 |  2.2
Dodging        | |  2.4
Stealth        | |  1.2

Action                     |  1- 3 |  4- 6 || total
---------------------------+-------+-------++-------
   Fire: Shortbow          |    82 |    96 ||   178
    Use: Scroll            |     3 |    11 ||    14
         Potion            |       |     1 ||     1
 Armour: Leather armour    |    18 |     1 ||    19
         Ring mail         |       |    15 ||    15
  Dodge: Dodged            |    39 |    19 ||    58

Table legend:
 A = Non-vault XP
 B = Vault XP
 C = Vault XP percentage of total XP
 D = Non-vault monster count
 E = Vault monster count
 F = Vault count percentage of total count
                 A         B        C        D         E       F
            +---------+---------+-------+---------+---------+-------
      Total |     322 |      37 |  10.3 |      61 |       2 |   3.2
            +---------+---------+-------+---------+---------+-------
        D:1 |      31 |       0 |   0.0 |      18 |       0 |   0.0
        D:2 |      75 |       0 |   0.0 |      21 |       0 |   0.0
        D:3 |     159 |      37 |  18.9 |      17 |       2 |  10.5
        D:4 |      57 |       0 |   0.0 |       5 |       0 |   0.0
            +---------+---------+-------+---------+---------+-------
